 Dungeon Crawl Stone Soup version 0.20.1-1-g8b1a95d (webtiles) character file.

51 ScottishVillain the Magician (level 3, 0/30 HPs)
             Began as a Draconian Wanderer on Dec 29, 2017.
             Slain by a kobold
             ... wielding a +0 club
              (3 damage)
             ... on level 3 of the Dungeon.
             The game lasted 00:07:18 (1048 turns).

ScottishVillain the Magician (Draconian Wanderer)   Turns: 1048, Time: 00:07:18

Health: 0/30       AC:  5    Str: 14    XL:     3   Next: 57%
Magic:  9/9        EV: 11    Int: 15    God:
Gold:   51         SH:  0    Dex:  8    Spells: 10/11 levels left

rFire    . . .     SeeInvis .   a - +2 mace
rCold    . . .     Gourm    .   (no shield)
rNeg     . . .     Faith    .   (armour unavailable)
rPois    .         Spirit   .   (helmet restricted)
rElec    .         Reflect  .   (no cloak)
rCorr    .         Harm     .   (no gloves)
MR       .....                  (no boots)
Stlth    +.........             (no amulet)
Regen    0.1/turn               (no ring)
MPRegen  0.2/turn               (no ring)

@: lethally poisoned (0 -> -6)
A: unfitting armour, cold-blooded, AC +5
a: no special abilities


You were on level 3 of the Dungeon.
You were not hungry.

You visited 1 branch of the dungeon, and saw 3 of its levels.

You collected 51 gold pieces.

Inventory:

Hand Weapons
 a - a +2 mace (weapon)
Missiles
 g - 3 stones (quivered)
 h - 22 bolts
Scrolls
 c - a scroll of teleportation
 f - a scroll of enchant weapon {unknown}
 i - a scroll of identify {unknown}
Potions
 e - a potion of lignification {unknown}
Books
 b - the Incunabulum of the Traveller

   Spells                             Type                      Level
   a - Apportation                    Translocation                1
   b - Teleport Other                 Translocation                3
Comestibles
 d - a bread ration


   Skills:
 + Level 2.9 Fighting
 + Level 1.4 Maces & Flails
 + Level 1.0 Dodging
   Level 1.0 Shields
 + Level 4.5 Spellcasting
   Level 1.0 Necromancy
   Level 1.0 Evocations


You had 10 spell levels left.
You knew the following spells:

 Your Spells              Type           Power        Failure   Level  Hunger
a - Apportation           Tloc           #.....       17%         1    None


Dungeon Overview and Level Annotations

Branches:
Dungeon (3/15)

Altars:
The Shining One


Innate Abilities, Weirdness & Mutations

Your plain brown scales are hard. (AC +5)
You cannot fit into any form of body armour.
You are cold-blooded and may be slowed by cold attacks.


Message History

The adder is moderately wounded.
The adder bites you but does no damage. The bat closely misses you.
The kobold hits you with a club. The adder bites you.
You are more poisoned.
The adder poisons you!
You feel sick. The bat misses you. The kobold hits you but does no damage.
The adder closely misses you. The rat barely misses you.
You climb downwards.
You feel sick.
There is a stone staircase leading up here.
You closely miss the adder.
Your tail-slap misses the adder.
The adder is moderately wounded.
The adder barely misses you. The kobold barely misses you.
The adder bites you but does no damage. The kobold hits you with a club.
* * * LOW HITPOINT WARNING * * *
You thump the adder!
You kill the adder!
Your Dodging skill increases to level 1!
* * * LOW HITPOINT WARNING * * *
You feel sick. The kobold hits you with a club.
You die... ##.########..# .......@Kr...# ##############

You could see a kobold and a rat.

Vanquished Creatures
  An adder (D:3)
  An ooze (D:1)
  A worm (D:1)
  A ball python (D:1)
  3 bats (D:1)
  2 giant cockroaches (D:1)
  6 goblins
  5 hobgoblins (D:1)
  3 jackals (D:1)
  A quokka (D:2)
  A frilled lizard (D:1)
  2 kobolds (D:1)
  6 rats (D:1)
  A plant (D:1)
34 creatures vanquished.

Notes
Turn   | Place    | Note
-------+----------+-------------------------------------------
     0 | D:1      | ScottishVillain the Draconian Wanderer began the quest for the Orb.
     0 | D:1      | ScottishVillain set off with: a +2 mace, the Incunabulum of the Traveller, a scroll of teleportation, a bread ration
     0 | D:1      | Reached XP level 1. HP: 17/17 MP: 5/5
     2 | D:1      | Learned a level 1 spell: Apportation
   222 | D:1      | Reached XP level 2. HP: 20/25 MP: 7/7
   246 | D:1      | Found a glowing golden altar of the Shining One.
   714 | D:1      | Reached XP level 3. HP: 20/30 MP: 9/9
  1048 | D:3      | Reached skill level 1 in Dodging
  1048 | D:3      | Slain by a kobold

Skill      XL: |  1  2  3 |
---------------+----------+-----
Dodging        | 1 |  1.0
Fighting       | |  2.9
Maces & Flails | |  1.4
Shields        | |  1.0
Spellcasting   | |  4.5
Necromancy     | |  1.0
Evocations     | |  1.0

Action                   || total
-------------------------++-------
Melee: Mace              ||   136
       Tailslap          ||    16
  Use: Scroll            ||     1
  Eat: Bread ration      ||     1
Armor: Skin              ||    58
Dodge: Dodged            ||   106
